Milwaukee Admirals vs Quebec Rempart

Created - 13 janvier 2022 at 15:46

Goals
1 2 3 T
Milwaukee Admirals 0 0 3 3
Quebec Rempart 1 0 1 2
Shots
1 2 3 T
Milwaukee Admirals 2 2 16 20
Quebec Rempart 17 8 23 48

1st period

1. Quebec Rempart , Marcus Sorensen 13 (Alexander Barabanov 34, Austin Czarnik 18) at 3:59

Penalties :
No Penalty

2nd period

No Goal

Penalties :
Jansen Harkins (REM) for Hooking (Minor) at 1:02, Austin Czarnik (REM) for Goalie Interference (Minor) at 13:16, Peyton Krebs (ADM) for Hooking (Minor) at 16:55

3rd period

2. Quebec Rempart , Austin Czarnik 16 (Luca Sbisa 8, Cameron Gaunce 8) at 5:02
3. Milwaukee Admirals , Reese Johnson 23 (Peyton Krebs 29, Nikita Scherbak 18) at 8:34
4. Milwaukee Admirals , Dakota Mermis 4 (Nils Lundkvist 10, Jamieson Rees 22) at 15:06 (PP)
5. Milwaukee Admirals , Peyton Krebs 25 (Nikita Scherbak 19, Reese Johnson 29) at 15:44 (PP)

Penalties :
Cameron Gaunce (REM) for Slashing (Minor) at 0:07, Peyton Krebs (ADM) for High sticking (Minor) at 5:51, Cameron Gaunce (REM) for Holding (Minor) at 13:30, Kyle Clifford (REM) for Slashing (Double Minor) at 15:28

Goalie Stats

Anton Forsberg (ADM), 46 saves from 48 shots - (0,958), W, 6-8-1, 60:00 minutes
Scott Wedgewood (REM), 17 saves from 20 shots - (0,850), L, 5-7-2, 59:05 minutes

Players Stats for Milwaukee Admirals

Player Name              G  A  P  +/- PIM S  H  SB GA TA FO     MP     PP MP  PK MP  
------------------------------------------------------------------------------------
Bowen Byram              0  0  0  -1  0   0  1  1  0  2  0/0    17:45   3:25   1:20 
Calen Addison            0  0  0  -1  0   0  1  2  0  1  0/0    17:14   3:25   1:20 
Chris Bigras             0  0  0  -1  0   0  0  0  0  0  0/0     9:34   0:00   0:00 
Connor Mackey            0  0  0   0  0   0  0  0  0  0  0/0     7:46   0:00   0:00 
Dakota Mermis            1  0  1   1  0   1  0  1  1  1  0/0    26:06   6:23   2:38 
Drake Rymsha             0  0  0   0  0   0  3  1  0  0  6/10   15:17   0:01   0:30 
Evan Weinger             0  0  0  -1  0   1  5  2  1  0  0/1    20:27   4:16   0:00 
Hubert Labrie            0  0  0  -1  0   1  0  0  0  0  0/0     7:11   0:00   0:15 
Jamieson Rees            0  1  1  -1  0   4  1  2  1  1  5/10   21:35   4:16   0:00 
Jordan Gross             0  0  0  -1  0   0  0  0  1  0  0/3    10:01   0:00   0:43 
Logan Day                0  0  0  -1  0   0  0  1  0  0  0/0     9:45   0:00   0:00 
Nikita Scherbak          0  2  2  -1  0   1  0  1  1  0  0/2    23:50   5:32   1:14 
Nils Lundkvist           0  1  1   1  0   2  0  2  0  1  0/1    26:22   6:23   2:38 
Peyton Krebs             1  1  2   0  4   3  1  2  0  0  8/16   22:07   5:31   0:00 
Reese Johnson            1  1  2   1  0   7  0  0  2  1  5/8    25:26   5:32   2:49 
Tanner MacMaster         0  0  0   1  0   0  1  0  0  0  1/3    23:53   4:16   2:25 
Tarmo Reunanen           0  0  0   0  0   0  0  0  0  0  0/0     7:46   0:00   0:00 
Thomas Hickey            0  0  0   0  0   0  0  0  0  0  0/0     3:55   0:00   0:00 

Players Stats for Quebec Rempart

Player Name              G  A  P  +/- PIM S  H  SB GA TA FO     MP     PP MP  PK MP  
------------------------------------------------------------------------------------
Adam Beckman             0  0  0   0  0   0  0  0  0  0  0/0     6:52   0:00   0:00 
Alexander Barabanov      0  1  1   1  0   2  3  0  2  0  0/0    18:07   1:37   2:03 
Austin Czarnik           1  1  2   1  2   5  3  0  0  0  5/8    16:02   1:37   0:00 
Brendan Guhle            0  0  0  -1  0   1  0  1  0  1  0/0    20:44   1:47   3:42 
Cameron Gaunce           0  1  1   1  4   2  1  0  0  0  0/0    25:00   2:11   3:55 
Cameron Schilling        0  0  0  -1  0   2  0  0  0  0  0/0    20:35   1:47   3:33 
Dominik Kahun            0  0  0   0  0   5  3  0  2  0  1/3    17:26   2:14   2:03 
Jansen Harkins           0  0  0   0  2   0  0  0  0  0  4/4     7:18   0:00   0:00 
Joakim Ryan              0  0  0   1  0   0  3  0  0  0  0/0    12:03   0:00   0:00 
Joseph Duszak            0  0  0   1  0   0  1  0  0  0  0/0    14:15   0:00   2:11 
Josh Leivo               0  0  0   0  0   5  2  0  0  1  1/3    14:04   0:00   2:39 
Kyle Clifford            0  0  0   0  4   7  1  0  1  2  5/9    24:13   2:18   4:21 
Loui Eriksson            0  0  0   0  0   2  2  0  0  1  0/2    11:25   0:00   0:00 
Luca Sbisa               0  1  1   1  0   4  3  1  0  2  0/0    27:22   2:11   6:15 
Marcus Sorensen          1  0  1   1  0   3  1  0  0  0  0/0    15:58   1:37   0:00 
Martin Pospisil          0  0  0   0  0   0  0  0  0  0  0/0     3:45   0:10   0:48 
Mikhail Maltsev          0  0  0   0  0   4  0  0  1  0  1/2    13:13   0:07   1:41 
Nicolas Roy              0  0  0   0  0   6  0  0  1  0  12/23  21:45   2:14   6:01 

3 Stars

1 - Anton Forsberg (ADM)
2 - Reese Johnson (ADM)
3 - Austin Czarnik (REM)

Power Play

Milwaukee Admirals - 2 on 6 Attempt(s) - 33,33%
Quebec Rempart - 0 on 2 Attempt(s) - 0,00%

Penalty Kill

Milwaukee Admirals - 2 on 2 Attempt(s) - 100,00% - Score 0 goal in Penalty Kill
Quebec Rempart - 4 on 6 Attempt(s) - 66,67% - Score 0 goal in Penalty Kill

Team Stat

Milwaukee Admirals - Hits : 13 - Faceoff Wins : 25 - Blocked Shots : 15 - Penalty Minutes : 4
Quebec Rempart - Hits : 23 - Faceoff Wins : 29 - Blocked Shots : 2 - Penalty Minutes : 12

Official

Referees : Ryan Hersey and Ben O'Quinn
Linesman : Colin Gates and Michel Cormier

Game Notes

No Game Note

Finance

Level 1 -- Attendance: 1515 (75,75%) -- Ticket Income 53 025 $
Level 2 -- Attendance: 985 (98,50%) -- Ticket Income 14 775 $
Total Attendance: 2500 (83,33%)
Total Ticket Income: 67 800 $
Other Income: 33 222 $
Total Income: 101 022 $

Milwaukee Admirals

5 vs 5 Forward 
   Center                   Left Wing                Right Wing               Time % Phy DF OF 
 1 Peyton Krebs             Nikita Scherbak          Reese Johnson            40     1   2  2  
 2 Jamieson Rees            Tanner MacMaster         Evan Weinger             30     1   2  2  
 3 Tanner MacMaster         Reese Johnson            Peyton Krebs             20     1   2  2  
 4 Drake Rymsha             Nikita Scherbak          Jamieson Rees            10     1   2  2  

5 vs 5 Defense 
   Defense                  Defense                                           Time % Phy DF OF 
 1 Nils Lundkvist           Dakota Mermis                                     40     1   2  2  
 2 Bowen Byram              Calen Addison                                     30     1   2  2  
 3 Logan Day                Chris Bigras                                      20     1   2  2  
 4 Tarmo Reunanen           Connor Mackey                                     10     1   2  2  

PowerPlay Forward 
   Center                   Left Wing                Right Wing               Time % Phy DF OF 
 1 Peyton Krebs             Nikita Scherbak          Reese Johnson            60     1   2  2  
 2 Jamieson Rees            Tanner MacMaster         Evan Weinger             40     1   2  2  

PowerPlay Defense
   Defense                  Defense                                           Time % Phy DF OF 
 1 Nils Lundkvist           Dakota Mermis                                     60     1   2  2  
 2 Bowen Byram              Calen Addison                                     40     1   2  2  

Penalty Kill 4 Players Forward 
   Center                   Wing                     Time % Phy DF OF 
 1 Reese Johnson            Peyton Krebs             60     1   2  2  
 2 Nikita Scherbak          Jamieson Rees            40     1   2  2  

Penalty Kill 4 Players Defense
   Defense                  Defense                  Time % Phy DF OF 
 1 Nils Lundkvist           Dakota Mermis            60     1   2  2  
 2 Bowen Byram              Calen Addison            40     1   2  2  

Penalty Kill - 3 Players Forward 
   Forward                                           Time % Phy DF OF 
 1 Reese Johnson                                     60     1   2  2  
 2 Peyton Krebs                                      40     1   2  2  

Penalty Kill - 3 Players Defense
   Defense                  Defense                  Time % Phy DF OF 
 1 Nils Lundkvist           Dakota Mermis            60     1   2  2  
 2 Bowen Byram              Calen Addison            40     1   2  2  

4 vs 4 Forward 
   Center                   Wing                     Time % Phy DF OF 
 1 Reese Johnson            Peyton Krebs             60     1   2  2  
 2 Nikita Scherbak          Jamieson Rees            40     1   2  2  

4 vs 4 Defense
   Defense                  Defense                  Time % Phy DF OF 
 1 Nils Lundkvist           Dakota Mermis            60     1   2  2  
 2 Bowen Byram              Calen Addison            40     1   2  2  

Last Minutes Offensive
   Center                   Left Wing                Right Wing               Defense                  Defense                  
   Peyton Krebs             Nikita Scherbak          Reese Johnson            Nils Lundkvist           Dakota Mermis            

Last Minutes Defensive
   Center                   Left Wing                Right Wing               Defense                  Defense                  
   Peyton Krebs             Nikita Scherbak          Reese Johnson            Nils Lundkvist           Dakota Mermis            

Goaltenders
Starting : Anton Forsberg           
Backup : Mat Robson               

Extra Forwards
Normal : Drake Rymsha, Evan Weinger, Tanner MacMaster - PP : Drake Rymsha, Evan Weinger - PK : Tanner MacMaster
Extra Defensemen
Normal : Hubert Labrie, Thomas Hickey, Jordan Gross - PP : Hubert Labrie - PK : Thomas Hickey, Jordan Gross
Penalty Shots
Reese Johnson, Peyton Krebs, Nikita Scherbak, Jamieson Rees, Evan Weinger

Scratches
Axel Jonsson Fjallby (Left Knee Injury), Felix Sandstrom (Healthy), Tommy Nappier (Healthy)

Quebec Rempart

5 vs 5 Forward 
   Center                   Left Wing                Right Wing               Time % Phy DF OF 
 1 Nicolas Roy              Kyle Clifford            Dominik Kahun            40     1   2  2  
 2 Austin Czarnik           Alexander Barabanov      Marcus Sorensen          30     1   2  2  
 3 Mikhail Maltsev          Josh Leivo               Loui Eriksson            20     1   2  2  
 4 Jansen Harkins           Adam Beckman             Kyle Clifford            10     1   2  2  

5 vs 5 Defense 
   Defense                  Defense                                           Time % Phy DF OF 
 1 Cameron Gaunce           Luca Sbisa                                        40     1   2  2  
 2 Brendan Guhle            Cameron Schilling                                 30     1   2  2  
 3 Joakim Ryan              Joseph Duszak                                     20     1   2  2  
 4 Cameron Gaunce           Luca Sbisa                                        10     1   2  2  

PowerPlay Forward 
   Center                   Left Wing                Right Wing               Time % Phy DF OF 
 1 Nicolas Roy              Kyle Clifford            Dominik Kahun            60     1   2  2  
 2 Austin Czarnik           Alexander Barabanov      Marcus Sorensen          40     1   2  2  

PowerPlay Defense
   Defense                  Defense                                           Time % Phy DF OF 
 1 Cameron Gaunce           Luca Sbisa                                        60     1   2  2  
 2 Brendan Guhle            Cameron Schilling                                 40     1   2  2  

Penalty Kill 4 Players Forward 
   Center                   Wing                     Time % Phy DF OF 
 1 Kyle Clifford            Nicolas Roy              60     1   2  2  
 2 Dominik Kahun            Alexander Barabanov      40     1   2  2  

Penalty Kill 4 Players Defense
   Defense                  Defense                  Time % Phy DF OF 
 1 Cameron Gaunce           Luca Sbisa               60     1   2  2  
 2 Brendan Guhle            Cameron Schilling        40     1   2  2  

Penalty Kill - 3 Players Forward 
   Forward                                           Time % Phy DF OF 
 1 Kyle Clifford                                     60     1   2  2  
 2 Nicolas Roy                                       40     1   2  2  

Penalty Kill - 3 Players Defense
   Defense                  Defense                  Time % Phy DF OF 
 1 Cameron Gaunce           Luca Sbisa               60     1   2  2  
 2 Brendan Guhle            Cameron Schilling        40     1   2  2  

4 vs 4 Forward 
   Center                   Wing                     Time % Phy DF OF 
 1 Kyle Clifford            Nicolas Roy              60     1   2  2  
 2 Dominik Kahun            Alexander Barabanov      40     1   2  2  

4 vs 4 Defense
   Defense                  Defense                  Time % Phy DF OF 
 1 Cameron Gaunce           Luca Sbisa               60     1   2  2  
 2 Brendan Guhle            Cameron Schilling        40     1   2  2  

Last Minutes Offensive
   Center                   Left Wing                Right Wing               Defense                  Defense                  
   Nicolas Roy              Kyle Clifford            Dominik Kahun            Cameron Gaunce           Luca Sbisa               

Last Minutes Defensive
   Center                   Left Wing                Right Wing               Defense                  Defense                  
   Nicolas Roy              Kyle Clifford            Dominik Kahun            Cameron Gaunce           Luca Sbisa               

Goaltenders
Starting : Scott Wedgewood          
Backup : Parker Gahagen           

Extra Forwards
Normal : Martin Pospisil, Mikhail Maltsev, Josh Leivo - PP : Martin Pospisil, Mikhail Maltsev - PK : Josh Leivo
Extra Defensemen
Normal : Joakim Ryan, Joseph Duszak, Brendan Guhle - PP : Joakim Ryan - PK : Joseph Duszak, Brendan Guhle
Penalty Shots
Kyle Clifford, Nicolas Roy, Dominik Kahun, Alexander Barabanov, Austin Czarnik

Scratches
Kurtis Gabriel (Healthy), Kevin Hancock (Healthy), Riley Damiani (Healthy), Josh Wilkins (Healthy), Justin Brazeau (Healthy)
Joseph LaBate (Healthy), Eetu Tuulola (Healthy), Patrick Newell (Healthy), Brayden Pachal (Healthy), Jakub Lauko (Healthy)
Will Cuylle (Healthy), Matej Pekar (Healthy), Alexei Melnichuk (Healthy)

% Time on Ice - Milwaukee Admirals

Lines # - Real PCT - Wanted PCT - Time Play
Normal Forward
1 - 35% - 40% - 15:41
2 - 32% - 30% - 14:37
3 - 14% - 20% - 6:13
4 - 19% - 10% - 8:37
Normal Defense
1 - 35% - 40% - 15:50
2 - 27% - 30% - 11:58
3 - 21% - 20% - 9:34
4 - 17% - 10% - 7:46
PP Forward
1 - 56% - 60% - 5:32
2 - 44% - 40% - 4:16
PP Defense
1 - 65% - 60% - 6:23
2 - 35% - 40% - 3:25
PK Forward
1 - 100% - 60% - 3:58
2 - 0% - 40% - 0:00
PK Defense
1 - 66% - 60% - 2:38
2 - 34% - 40% - 1:20
PK3 Forward
1 - 0% - 60%
2 - 0% - 40%
PK3 Defense
1 - 0% - 60%
2 - 0% - 40%
44 Forward
1 - 0% - 60%
2 - 0% - 40%
44 Defense
1 - 0% - 60%
2 - 0% - 40%
Last Minute Offensive  - 0:00
Last Minute Defensive  - 1:06
Total
Forward - 60:00
Defense - 60:00

% Time on Ice - Quebec Rempart

Lines # - Real PCT - Wanted PCT - Time Play
Normal Forward
1 - 27% - 40% - 12:17
2 - 32% - 30% - 14:27
3 - 25% - 20% - 11:25
4 - 15% - 10% - 6:52
Normal Defense
1 - 37% - 40% - 16:27
2 - 34% - 30% - 15:15
3 - 26% - 20% - 11:50
4 - 3% - 10% - 1:29
PP Forward
1 - 59% - 60% - 2:21
2 - 41% - 40% - 1:37
PP Defense
1 - 55% - 60% - 2:11
2 - 45% - 40% - 1:47
PK Forward
1 - 79% - 60% - 7:45
2 - 21% - 40% - 2:03
PK Defense
1 - 64% - 60% - 6:15
2 - 36% - 40% - 3:33
PK3 Forward
1 - 0% - 60%
2 - 0% - 40%
PK3 Defense
1 - 0% - 60%
2 - 0% - 40%
44 Forward
1 - 0% - 60%
2 - 0% - 40%
44 Defense
1 - 0% - 60%
2 - 0% - 40%
Last Minute Offensive  - 1:13
Last Minute Defensive  - 0:00
Total
Forward - 60:00
Defense - 60:00

Play-by-Play

1st period


0:01 of 1st period - Peyton Krebs wins face-off versus Nicolas Roy in neutral zone.
0:45 of 1st period - Slapshot by Mikhail Maltsev.
0:45 of 1st period - Stopped by Anton Forsberg with a rebound.
0:47 of 1st period - Slapshot by Mikhail Maltsev.
0:47 of 1st period - Stopped by Anton Forsberg with a rebound.
1:19 of 1st period - Wrist shot by Jamieson Rees.
1:19 of 1st period - Stopped by Scott Wedgewood without a rebound.
1:20 of 1st period - Austin Czarnik wins face-off versus Tanner MacMaster in Quebec Rempart zone.
1:27 of 1st period - Calen Addison is hit by Luca Sbisa and loses puck.
1:46 of 1st period - Nicolas Roy is hit by Evan Weinger and loses puck.
2:44 of 1st period - Loui Eriksson is hit by Drake Rymsha and loses puck.
2:52 of 1st period - Icing by Mikhail Maltsev.
2:53 of 1st period - Nicolas Roy wins face-off versus Jamieson Rees in Quebec Rempart zone.
3:28 of 1st period - Wrist shot by Josh Leivo.
3:28 of 1st period - Shot Blocked by Calen Addison.
3:46 of 1st period - Wrist shot by Dominik Kahun.
3:46 of 1st period - Stopped by Anton Forsberg with a rebound.
3:57 of 1st period - Snap shot by Alexander Barabanov.
3:57 of 1st period - Shot Blocked by Logan Day.
3:59 of 1st period - Snap shot by Marcus Sorensen.
3:59 of 1st period - Goal by Marcus Sorensen - Milwaukee Admirals : 0 - Quebec Rempart : 1.
4:00 of 1st period - Nicolas Roy wins face-off versus Jamieson Rees in neutral zone.
4:26 of 1st period - Marcus Sorensen is hit by Peyton Krebs and loses puck.
4:47 of 1st period - Snap shot by Josh Leivo.
4:47 of 1st period - Shot Misses the Net.
4:49 of 1st period - Wrist shot by Mikhail Maltsev.
4:49 of 1st period - Stopped by Anton Forsberg without a rebound.
4:50 of 1st period - Drake Rymsha wins face-off versus Nicolas Roy in Milwaukee Admirals zone.
4:55 of 1st period - Snap shot by Jamieson Rees.
4:55 of 1st period - Stopped by Scott Wedgewood with a rebound.
5:01 of 1st period - Snap shot by Nicolas Roy.
5:01 of 1st period - Stopped by Anton Forsberg with a rebound.
5:03 of 1st period - Snap shot by Nicolas Roy.
5:03 of 1st period - Stopped by Anton Forsberg with a rebound.
5:17 of 1st period - Marcus Sorensen is hit by Jamieson Rees and loses puck.
5:32 of 1st period - Wrist shot by Josh Leivo.
5:32 of 1st period - Shot Misses the Net.
5:34 of 1st period - Snap shot by Loui Eriksson.
5:34 of 1st period - Stopped by Anton Forsberg with a rebound.
5:36 of 1st period - Snap shot by Josh Leivo.
5:36 of 1st period - Shot Misses the Net.
5:38 of 1st period - Snap shot by Loui Eriksson.
5:38 of 1st period - Deflect By Josh Leivo.
5:38 of 1st period - Shot Misses the Net.
5:38 of 1st period - Puck is out of play.
5:39 of 1st period - Jamieson Rees wins face-off versus Nicolas Roy in Milwaukee Admirals zone.
5:46 of 1st period - Tanner MacMaster is hit by Dominik Kahun and loses puck.
7:07 of 1st period - Jamieson Rees is hit by Austin Czarnik and loses puck.
8:22 of 1st period - Calen Addison is hit by Luca Sbisa and loses puck.
9:03 of 1st period - Logan Day is hit by Alexander Barabanov and loses puck.
9:29 of 1st period - Icing by Mikhail Maltsev.
9:30 of 1st period - Drake Rymsha wins face-off versus Nicolas Roy in Quebec Rempart zone.
9:43 of 1st period - Wrist shot by Austin Czarnik.
9:43 of 1st period - Stopped by Anton Forsberg with a rebound.
10:01 of 1st period - Slapshot by Josh Leivo.
10:01 of 1st period - Shot Blocked by Calen Addison.
10:03 of 1st period - Slapshot by Luca Sbisa.
10:03 of 1st period - Shot Blocked by Peyton Krebs.
10:05 of 1st period - Slapshot by Loui Eriksson.
10:05 of 1st period - Stopped by Anton Forsberg with a rebound.
10:07 of 1st period - Snap shot by Josh Leivo.
10:07 of 1st period - Shot Misses the Net.
10:43 of 1st period - Alexander Barabanov is hit by Evan Weinger and loses puck.
11:16 of 1st period - Snap shot by Josh Leivo.
11:16 of 1st period - Stopped by Anton Forsberg without a rebound.
11:17 of 1st period - Austin Czarnik wins face-off versus Jamieson Rees in Milwaukee Admirals zone.
11:24 of 1st period - Slapshot by Austin Czarnik.
11:24 of 1st period - Stopped by Anton Forsberg without a rebound.
11:25 of 1st period - Peyton Krebs wins face-off versus Nicolas Roy in Milwaukee Admirals zone.
11:36 of 1st period - Slapshot by Dominik Kahun.
11:36 of 1st period - Stopped by Anton Forsberg without a rebound.
11:37 of 1st period - Nicolas Roy wins face-off versus Evan Weinger in Milwaukee Admirals zone.
11:44 of 1st period - Kyle Clifford is hit by Evan Weinger and loses puck.
12:24 of 1st period - Wrist shot by Josh Leivo.
12:24 of 1st period - Stopped by Anton Forsberg with a rebound.
12:26 of 1st period - Snap shot by Josh Leivo.
12:26 of 1st period - Shot Misses the Net.
12:28 of 1st period - Wrist shot by Josh Leivo.
12:28 of 1st period - Shot Misses the Net.
12:30 of 1st period - Wrist shot by Joakim Ryan.
12:30 of 1st period - Shot Blocked by Dakota Mermis.
14:19 of 1st period - Peyton Krebs is hit by Cameron Gaunce and loses puck.
15:29 of 1st period - Off-side.
15:30 of 1st period - Austin Czarnik wins face-off versus Nils Lundkvist in neutral zone.
16:31 of 1st period - Kyle Clifford is hit by Calen Addison and loses puck.
17:23 of 1st period - Evan Weinger is hit by Loui Eriksson and loses puck.
17:29 of 1st period - Icing by Drake Rymsha.
17:30 of 1st period - Austin Czarnik wins face-off versus Drake Rymsha in Milwaukee Admirals zone.
17:55 of 1st period - Wrist shot by Peyton Krebs.
17:55 of 1st period - Shot Blocked by Brendan Guhle.
18:11 of 1st period - Wrist shot by Josh Leivo.
18:11 of 1st period - Stopped by Anton Forsberg without a rebound.
18:12 of 1st period - Tanner MacMaster wins face-off versus Loui Eriksson in Milwaukee Admirals zone.
18:19 of 1st period - Snap shot by Mikhail Maltsev.
18:19 of 1st period - Deflect By Dakota Mermis.
18:19 of 1st period - Stopped by Anton Forsberg with a rebound.
19:25 of 1st period - Icing by Peyton Krebs.
19:26 of 1st period - Mikhail Maltsev wins face-off versus Drake Rymsha in Milwaukee Admirals zone.
19:41 of 1st period - Snap shot by Mikhail Maltsev.
19:41 of 1st period - Shot Misses the Net.
19:59 of 1st period - Snap shot by Nicolas Roy.
19:59 of 1st period - Stopped by Anton Forsberg with a rebound.
Goals for this period are 0 for Milwaukee Admirals vs 1 for Quebec Rempart.
Shots for this period are 2 for Milwaukee Admirals vs 17 for Quebec Rempart.

2nd period


0:01 of 2nd period - Peyton Krebs wins face-off versus Nicolas Roy in neutral zone.
0:36 of 2nd period - Snap shot by Evan Weinger.
0:36 of 2nd period - Shot Hit the Post.
0:38 of 2nd period - Slapshot by Dakota Mermis.
0:38 of 2nd period - Deflect By Jamieson Rees.
0:38 of 2nd period - Stopped by Scott Wedgewood with a rebound.
1:02 of 2nd period - Minor Penalty to Jansen Harkins for Hooking.
1:03 of 2nd period - Kyle Clifford wins face-off versus Peyton Krebs in Quebec Rempart zone.
2:26 of 2nd period - Icing by Bowen Byram.
2:27 of 2nd period - Jamieson Rees wins face-off versus Kyle Clifford in Milwaukee Admirals zone.
2:44 of 2nd period - Nils Lundkvist is hit by Luca Sbisa and loses puck.
3:02 of 2nd period - Penalty to Jansen Harkins is over, Jansen Harkins is back on ice.
3:36 of 2nd period - Backhand shot by Marcus Sorensen.
3:36 of 2nd period - Stopped by Anton Forsberg with a rebound.
3:54 of 2nd period - Cameron Schilling is hit by Evan Weinger.
5:02 of 2nd period - Austin Czarnik is hit by Evan Weinger and loses puck.
5:15 of 2nd period - Jamieson Rees is hit by Dominik Kahun and loses puck.
6:20 of 2nd period - Nikita Scherbak is hit by Marcus Sorensen and loses puck.
7:07 of 2nd period - Snap shot by Jansen Harkins.
7:07 of 2nd period - Deflect By Kyle Clifford.
7:07 of 2nd period - Stopped by Anton Forsberg without a rebound.
7:08 of 2nd period - Jansen Harkins wins face-off versus Jordan Gross in Milwaukee Admirals zone.
7:09 of 2nd period - Snap shot by Adam Beckman.
7:09 of 2nd period - Shot Misses the Net.
7:27 of 2nd period - Bowen Byram is hit by Josh Leivo and loses puck.
7:46 of 2nd period - Slapshot by Kyle Clifford.
7:46 of 2nd period - Stopped by Anton Forsberg without a rebound.
7:47 of 2nd period - Nicolas Roy wins face-off versus Drake Rymsha in Milwaukee Admirals zone.
7:48 of 2nd period - Wrist shot by Dominik Kahun.
7:48 of 2nd period - Shot Misses the Net.
8:11 of 2nd period - Calen Addison is hit by Alexander Barabanov.
9:04 of 2nd period - Jordan Gross is hit by Joakim Ryan and loses puck.
10:00 of 2nd period - Nicolas Roy is hit by Drake Rymsha and loses puck.
11:55 of 2nd period - Snap shot by Alexander Barabanov.
11:55 of 2nd period - Stopped by Anton Forsberg with a rebound.
11:57 of 2nd period - Wrist shot by Austin Czarnik.
11:57 of 2nd period - Stopped by Anton Forsberg with a rebound.
12:31 of 2nd period - Nikita Scherbak is hit by Joseph Duszak and loses puck.
12:53 of 2nd period - Icing by Cameron Schilling.
12:54 of 2nd period - Jansen Harkins wins face-off versus Jamieson Rees in Quebec Rempart zone.
13:01 of 2nd period - Slapshot by Kyle Clifford.
13:01 of 2nd period - Stopped by Anton Forsberg with a rebound.
13:08 of 2nd period - Icing by Evan Weinger.
13:09 of 2nd period - Jamieson Rees wins face-off versus Austin Czarnik in Milwaukee Admirals zone.
13:09 of 2nd period - Jamieson Rees is hit by Alexander Barabanov.
13:16 of 2nd period - Minor Penalty to Austin Czarnik for Goalie Interference.
13:17 of 2nd period - Kyle Clifford wins face-off versus Peyton Krebs in Quebec Rempart zone.
13:29 of 2nd period - Wrist shot by Peyton Krebs.
13:29 of 2nd period - Shot Misses the Net.
13:31 of 2nd period - Snap shot by Reese Johnson.
13:31 of 2nd period - Stopped by Scott Wedgewood with a rebound.
15:02 of 2nd period - Off-side.
15:03 of 2nd period - Jamieson Rees wins face-off versus Dominik Kahun in neutral zone.
15:16 of 2nd period - Penalty to Austin Czarnik is over, Austin Czarnik is back on ice.
15:26 of 2nd period - Wrist shot by Josh Leivo.
15:26 of 2nd period - Stopped by Anton Forsberg without a rebound.
15:27 of 2nd period - Drake Rymsha wins face-off versus Loui Eriksson in Milwaukee Admirals zone.
15:56 of 2nd period - Slapshot by Kyle Clifford.
15:56 of 2nd period - Stopped by Anton Forsberg with a rebound.
16:55 of 2nd period - Minor Penalty to Peyton Krebs for Hooking.
16:56 of 2nd period - Nicolas Roy wins face-off versus Reese Johnson in Milwaukee Admirals zone.
16:57 of 2nd period - Slapshot by Dominik Kahun.
16:57 of 2nd period - Shot Misses the Net.
16:59 of 2nd period - Snap shot by Nicolas Roy.
16:59 of 2nd period - Shot Misses the Net.
17:01 of 2nd period - Slapshot by Cameron Schilling.
17:01 of 2nd period - Shot Misses the Net.
17:55 of 2nd period - Austin Czarnik is hit by Bowen Byram and loses puck.
18:55 of 2nd period - Penalty to Peyton Krebs is over, Peyton Krebs is back on ice.
19:15 of 2nd period - Snap shot by Adam Beckman.
19:15 of 2nd period - Shot Blocked by Evan Weinger.
19:17 of 2nd period - Wrist shot by Brendan Guhle.
19:17 of 2nd period - Shot Blocked by Drake Rymsha.
19:19 of 2nd period - Slapshot by Cameron Schilling.
19:19 of 2nd period - Deflect By Adam Beckman.
19:19 of 2nd period - Shot Blocked by Jamieson Rees.
19:19 of 2nd period - Puck is out of play.
19:20 of 2nd period - Jansen Harkins wins face-off versus Peyton Krebs in Milwaukee Admirals zone.
19:21 of 2nd period - Slapshot by Martin Pospisil.
19:21 of 2nd period - Shot Blocked by Peyton Krebs.
19:44 of 2nd period - Evan Weinger is hit by Loui Eriksson and loses puck.
Goals for this period are 0 for Milwaukee Admirals vs 0 for Quebec Rempart.
Shots for this period are 2 for Milwaukee Admirals vs 8 for Quebec Rempart.

3rd period


0:01 of 3rd period - Nicolas Roy wins face-off versus Nikita Scherbak in neutral zone.
0:07 of 3rd period - Minor Penalty to Cameron Gaunce for Slashing.
0:08 of 3rd period - Peyton Krebs wins face-off versus Kyle Clifford in Quebec Rempart zone.
0:09 of 3rd period - Snap shot by Nikita Scherbak.
0:09 of 3rd period - Shot Misses the Net.
0:23 of 3rd period - Snap shot by Peyton Krebs.
0:23 of 3rd period - Stopped by Scott Wedgewood without a rebound.
0:24 of 3rd period - Peyton Krebs wins face-off versus Kyle Clifford in Quebec Rempart zone.
0:25 of 3rd period - Snap shot by Nikita Scherbak.
0:25 of 3rd period - Deflect By Reese Johnson.
0:25 of 3rd period - Stopped by Scott Wedgewood with a rebound.
1:02 of 3rd period - Wrist shot by Alexander Barabanov.
1:02 of 3rd period - Shot Blocked by Nikita Scherbak.
1:04 of 3rd period - Slapshot by Brendan Guhle.
1:04 of 3rd period - Deflect By Nils Lundkvist.
1:04 of 3rd period - Stopped by Anton Forsberg with a rebound.
1:06 of 3rd period - Slapshot by Cameron Schilling.
1:06 of 3rd period - Deflect By Nils Lundkvist.
1:06 of 3rd period - Stopped by Anton Forsberg with a rebound.
1:08 of 3rd period - Slapshot by Brendan Guhle.
1:08 of 3rd period - Shot Misses the Net.
1:10 of 3rd period - Wrist shot by Cameron Schilling.
1:10 of 3rd period - Shot Misses the Net.
1:20 of 3rd period - Brendan Guhle is hit by Tanner MacMaster and loses puck.
1:37 of 3rd period - Snap shot by Mikhail Maltsev.
1:37 of 3rd period - Shot Misses the Net.
1:39 of 3rd period - Slapshot by Luca Sbisa.
1:39 of 3rd period - Stopped by Anton Forsberg with a rebound.
1:41 of 3rd period - Slapshot by Luca Sbisa.
1:41 of 3rd period - Stopped by Anton Forsberg with a rebound.
2:07 of 3rd period - Penalty to Cameron Gaunce is over, Cameron Gaunce is back on ice.
2:13 of 3rd period - Joseph Duszak is hit by Drake Rymsha and loses puck.
2:20 of 3rd period - Wrist shot by Hubert Labrie.
2:20 of 3rd period - Stopped by Scott Wedgewood without a rebound.
2:21 of 3rd period - Drake Rymsha wins face-off versus Mikhail Maltsev in Quebec Rempart zone.
2:22 of 3rd period - Backhand shot by Jamieson Rees.
2:22 of 3rd period - Shot Misses the Net.
3:09 of 3rd period - Evan Weinger is hit by Joakim Ryan and loses puck.
3:16 of 3rd period - Tanner MacMaster is hit by Joakim Ryan and loses puck.
3:26 of 3rd period - Icing by Tanner MacMaster.
3:27 of 3rd period - Jansen Harkins wins face-off versus Drake Rymsha in Milwaukee Admirals zone.
3:28 of 3rd period - Wrist shot by Kyle Clifford.
3:28 of 3rd period - Shot Blocked by Evan Weinger.
5:02 of 3rd period - Wrist shot by Luca Sbisa.
5:02 of 3rd period - Deflect By Austin Czarnik.
5:02 of 3rd period - Goal by Austin Czarnik - Milwaukee Admirals : 0 - Quebec Rempart : 2.
5:03 of 3rd period - Austin Czarnik wins face-off versus Peyton Krebs in neutral zone.
5:06 of 3rd period - Slapshot by Cameron Gaunce.
5:06 of 3rd period - Stopped by Anton Forsberg with a rebound.
5:16 of 3rd period - Snap shot by Reese Johnson.
5:16 of 3rd period - Stopped by Scott Wedgewood with a rebound.
5:28 of 3rd period - Wrist shot by Jamieson Rees.
5:28 of 3rd period - Shot Misses the Net.
5:34 of 3rd period - Snap shot by Austin Czarnik.
5:34 of 3rd period - Shot Blocked by Jamieson Rees.
5:38 of 3rd period - Snap shot by Austin Czarnik.
5:38 of 3rd period - Shot Misses the Net.
5:40 of 3rd period - Snap shot by Marcus Sorensen.
5:40 of 3rd period - Shot Misses the Net.
5:42 of 3rd period - Backhand shot by Cameron Gaunce.
5:42 of 3rd period - Deflect By Alexander Barabanov.
5:42 of 3rd period - Deflect By Bowen Byram.
5:42 of 3rd period - Shot Misses the Net.
5:42 of 3rd period - Puck is out of play.
5:43 of 3rd period - Nicolas Roy wins face-off versus Peyton Krebs in Milwaukee Admirals zone.
5:51 of 3rd period - Minor Penalty to Peyton Krebs for High sticking.
5:52 of 3rd period - Reese Johnson wins face-off versus Dominik Kahun in Milwaukee Admirals zone.
5:58 of 3rd period - Wrist shot by Reese Johnson.
5:58 of 3rd period - Stopped by Scott Wedgewood without a rebound.
5:59 of 3rd period - Nicolas Roy wins face-off versus Reese Johnson in Quebec Rempart zone.
6:04 of 3rd period - Slapshot by Nils Lundkvist.
6:04 of 3rd period - Shot Blocked by Luca Sbisa.
6:06 of 3rd period - Slapshot by Nils Lundkvist.
6:06 of 3rd period - Stopped by Scott Wedgewood with a rebound.
6:12 of 3rd period - Slapshot by Reese Johnson.
6:12 of 3rd period - Shot Misses the Net.
6:25 of 3rd period - Off-side.
6:26 of 3rd period - Reese Johnson wins face-off versus Austin Czarnik in neutral zone.
6:31 of 3rd period - Wrist shot by Nikita Scherbak.
6:31 of 3rd period - Stopped by Scott Wedgewood without a rebound.
6:32 of 3rd period - Reese Johnson wins face-off versus Nicolas Roy in Quebec Rempart zone.
6:45 of 3rd period - Snap shot by Reese Johnson.
6:45 of 3rd period - Stopped by Scott Wedgewood with a rebound.
6:48 of 3rd period - Icing by Nicolas Roy.
6:49 of 3rd period - Nicolas Roy wins face-off versus Reese Johnson in Quebec Rempart zone.
6:56 of 3rd period - Snap shot by Kyle Clifford.
6:56 of 3rd period - Stopped by Anton Forsberg with a rebound.
6:58 of 3rd period - Snap shot by Nicolas Roy.
6:58 of 3rd period - Stopped by Anton Forsberg with a rebound.
7:00 of 3rd period - Slapshot by Cameron Schilling.
7:00 of 3rd period - Stopped by Anton Forsberg without a rebound.
7:01 of 3rd period - Reese Johnson wins face-off versus Nicolas Roy in Milwaukee Admirals zone.
7:27 of 3rd period - Icing by Marcus Sorensen.
7:28 of 3rd period - Reese Johnson wins face-off versus Austin Czarnik in Quebec Rempart zone.
7:43 of 3rd period - Wrist shot by Alexander Barabanov.
7:43 of 3rd period - Stopped by Anton Forsberg with a rebound.
7:51 of 3rd period - Penalty to Peyton Krebs is over, Peyton Krebs is back on ice.
7:53 of 3rd period - Wrist shot by Alexander Barabanov.
7:53 of 3rd period - Shot Blocked by Bowen Byram.
7:55 of 3rd period - Slapshot by Luca Sbisa.
7:55 of 3rd period - Stopped by Anton Forsberg with a rebound.
7:57 of 3rd period - Slapshot by Luca Sbisa.
7:57 of 3rd period - Stopped by Anton Forsberg without a rebound.
7:58 of 3rd period - Drake Rymsha wins face-off versus Nicolas Roy in Milwaukee Admirals zone.
8:04 of 3rd period - Icing by Brendan Guhle.
8:05 of 3rd period - Drake Rymsha wins face-off versus Nicolas Roy in Quebec Rempart zone.
8:14 of 3rd period - Slapshot by Dominik Kahun.
8:14 of 3rd period - Stopped by Anton Forsberg with a rebound.
8:16 of 3rd period - Wrist shot by Nicolas Roy.
8:16 of 3rd period - Shot Misses the Net.
8:18 of 3rd period - Slapshot by Brendan Guhle.
8:18 of 3rd period - Shot Blocked by Nils Lundkvist.
8:20 of 3rd period - Wrist shot by Kyle Clifford.
8:20 of 3rd period - Stopped by Anton Forsberg with a rebound.
8:34 of 3rd period - Snap shot by Reese Johnson.
8:34 of 3rd period - Goal by Reese Johnson - Milwaukee Admirals : 1 - Quebec Rempart : 2.
8:35 of 3rd period - Peyton Krebs wins face-off versus Nicolas Roy in neutral zone.
9:00 of 3rd period - Evan Weinger is hit by Austin Czarnik and loses puck.
9:09 of 3rd period - Slapshot by Alexander Barabanov.
9:09 of 3rd period - Shot Misses the Net.
9:31 of 3rd period - Wrist shot by Josh Leivo.
9:31 of 3rd period - Shot Misses the Net.
9:33 of 3rd period - Wrist shot by Josh Leivo.
9:33 of 3rd period - Stopped by Anton Forsberg with a rebound.
11:12 of 3rd period - Peyton Krebs is hit by Kyle Clifford and loses puck.
12:34 of 3rd period - Chris Bigras is hit by Dominik Kahun and loses puck.
13:30 of 3rd period - Minor Penalty to Cameron Gaunce for Holding.
13:31 of 3rd period - Kyle Clifford wins face-off versus Peyton Krebs in Quebec Rempart zone.
13:51 of 3rd period - Icing by Jamieson Rees.
13:52 of 3rd period - Jamieson Rees wins face-off versus Kyle Clifford in Milwaukee Admirals zone.
13:58 of 3rd period - Off-side.
13:59 of 3rd period - Kyle Clifford wins face-off versus Nikita Scherbak in neutral zone.
14:38 of 3rd period - Snap shot by Jamieson Rees.
14:38 of 3rd period - Stopped by Scott Wedgewood without a rebound.
14:39 of 3rd period - Dominik Kahun wins face-off versus Peyton Krebs in Quebec Rempart zone.
14:52 of 3rd period - Snap shot by Reese Johnson.
14:52 of 3rd period - Stopped by Scott Wedgewood without a rebound.
14:53 of 3rd period - Kyle Clifford wins face-off versus Jamieson Rees in Quebec Rempart zone.
15:04 of 3rd period - Slapshot by Nils Lundkvist.
15:04 of 3rd period - Stopped by Scott Wedgewood with a rebound.
15:06 of 3rd period - Snap shot by Dakota Mermis.
15:06 of 3rd period - Goal by Dakota Mermis - Milwaukee Admirals : 2 - Quebec Rempart : 2.
15:07 of 3rd period - Nicolas Roy wins face-off versus Tanner MacMaster in neutral zone.
15:28 of 3rd period - Double Minor Penalty to Kyle Clifford for Slashing.
15:29 of 3rd period - Peyton Krebs wins face-off versus Josh Leivo in Quebec Rempart zone.
15:40 of 3rd period - Snap shot by Reese Johnson.
15:40 of 3rd period - Shot Misses the Net.
15:42 of 3rd period - Snap shot by Nikita Scherbak.
15:42 of 3rd period - Shot Misses the Net.
15:44 of 3rd period - Wrist shot by Peyton Krebs.
15:44 of 3rd period - Goal by Peyton Krebs - Milwaukee Admirals : 3 - Quebec Rempart : 2.
15:45 of 3rd period - Peyton Krebs wins face-off versus Josh Leivo in neutral zone.
15:56 of 3rd period - Snap shot by Peyton Krebs.
15:56 of 3rd period - Stopped by Scott Wedgewood with a rebound.
15:58 of 3rd period - Slapshot by Dakota Mermis.
15:58 of 3rd period - Deflect By Reese Johnson.
15:58 of 3rd period - Shot Misses the Net.
15:58 of 3rd period - Puck is out of play.
15:59 of 3rd period - Josh Leivo wins face-off versus Peyton Krebs in Quebec Rempart zone.
16:34 of 3rd period - Slapshot by Jamieson Rees.
16:34 of 3rd period - Deflect By Evan Weinger.
16:34 of 3rd period - Stopped by Scott Wedgewood with a rebound.
16:44 of 3rd period - Nikita Scherbak is hit by Josh Leivo and loses puck.
17:44 of 3rd period - Penalty to Kyle Clifford is over, Kyle Clifford is back on ice.
17:49 of 3rd period - Dakota Mermis is hit by Austin Czarnik and loses puck.
17:54 of 3rd period - Wrist shot by Austin Czarnik.
17:54 of 3rd period - Shot Misses the Net.
17:56 of 3rd period - Snap shot by Marcus Sorensen.
17:56 of 3rd period - Stopped by Anton Forsberg with a rebound.
17:58 of 3rd period - Wrist shot by Marcus Sorensen.
17:58 of 3rd period - Deflect By Austin Czarnik.
17:58 of 3rd period - Stopped by Anton Forsberg with a rebound.
18:00 of 3rd period - Snap shot by Alexander Barabanov.
18:00 of 3rd period - Shot Misses the Net.
19:05 of 3rd period - Quebec Rempart, Scott Wedgewood is pulled from the net.
19:07 of 3rd period - Wrist shot by Dominik Kahun.
19:07 of 3rd period - Stopped by Anton Forsberg without a rebound.
19:08 of 3rd period - Ulf Samuelsson call a timeout for Quebec Rempart.
19:08 of 3rd period - Nicolas Roy wins face-off versus Jordan Gross in Milwaukee Admirals zone.
19:11 of 3rd period - Wrist shot by Dominik Kahun.
19:11 of 3rd period - Stopped by Anton Forsberg with a rebound.
19:33 of 3rd period - Snap shot by Kyle Clifford.
19:33 of 3rd period - Stopped by Anton Forsberg with a rebound.
19:35 of 3rd period - Wrist shot by Nicolas Roy.
19:35 of 3rd period - Stopped by Anton Forsberg with a rebound.
19:37 of 3rd period - Wrist shot by Nicolas Roy.
19:37 of 3rd period - Shot Misses the Net.
19:53 of 3rd period - Wrist shot by Dominik Kahun.
19:53 of 3rd period - Shot Blocked by Nils Lundkvist.
19:55 of 3rd period - Wrist shot by Nicolas Roy.
19:55 of 3rd period - Stopped by Anton Forsberg with a rebound.
19:57 of 3rd period - Snap shot by Cameron Gaunce.
19:57 of 3rd period - Stopped by Anton Forsberg without a rebound.
19:58 of 3rd period - Nicolas Roy wins face-off versus Jordan Gross in Milwaukee Admirals zone.
Goals for this period are 3 for Milwaukee Admirals vs 1 for Quebec Rempart.
Shots for this period are 16 for Milwaukee Admirals vs 23 for Quebec Rempart.